 Dungeon Crawl Stone Soup version 0.31.0-9-g3a7656b989 (webtiles) character file.

Game seed: 14777928075102312987

28 Conn the Firebug (level 3, -1/21 HPs)
             Began as an Octopode Fire Elementalist on Jan 27, 2024.
             Slain by Sigmund
             ... wielding a +0 scythe
              (11 damage)
             ... on level 2 of the Dungeon.
             The game lasted 00:01:41 (681 turns).

Conn the Firebug (Octopode Fire Elementalist)        Turns: 681, Time: 00:01:41

Health: -1/21      AC:  1    Str:  7    XL:     3   Next: 12%
Magic:  0/6        EV: 13    Int: 25    God:
Gold:   53         SH:  0    Dex: 12    Spells: 0/6 levels left

rFire   . . .        d - +0 dagger (flame)
rCold   . . .        (no shield)
rNeg    . . .        (helmet restricted)
rPois   .            (no amulet)
rElec   .            b - +6 ring of intelligence
rCorr   .            (no ring)
SInv    .            (no ring)
Will    .....        (no ring)
Stlth   +++          (no ring)
HPRegen 0.23/turn    (no ring)
MPRegen 0.10/turn    (no ring)
                     (no ring)

%: no passive effects
@: no status effects
A: almost no armour, amphibious, 8 rings, camouflage 1, gelatinous body 1,
(nimble swimmer 1), tentacles
a: no special abilities


You were on level 2 of the Dungeon.
You visited 1 branch of the dungeon, and saw 2 of its levels.

You collected 53 gold pieces.

Inventory:

Hand Weapons
 c - a +0 short sword
 d - a +0 dagger of flaming (weapon)
Jewellery
 b - a +6 ring of intelligence (left tentacle)
Scrolls
 e - a scroll of noise {unknown}
 f - a scroll of amnesia {unknown}
 g - a scroll of identify {unknown}
Potions
 h - a potion of enlightenment {unknown}


   Skills:
 + Level 2.3 Dodging
 + Level 3.2 Stealth
 + Level 2.2 Spellcasting
 + Level 1.5 Conjurations
 + Level 0.0 Hexes
 + Level 3.2 Fire Magic


You couldn't memorise any spells.
You knew the following spells:

 Your Spells              Type           Power      Damage    Failure   Level
a - Foxfire               Conj/Fire      56%        2x1d6     4%          1
b - Scorch                Fire           38%        2d6       4%          2
c - Inner Flame           Hex/Fire       11%        N/A       17%         3

Your spell library contained the following spells:

 Spells                   Type           Power      Damage    Failure   Level
 Volatile Blastmotes      Fire/Tloc      22%        2d11      17%         3
 Flame Wave               Conj/Fire      14%        2d6       38%         4


Dungeon Overview and Level Annotations

Branches:
Dungeon (2/15)

Altars:

Annotations:
D:2 Sigmund


Innate Abilities, Weirdness & Mutations

You cannot wear most types of armour.
You are amphibious.
You can wear up to eight rings at the same time.
Your skin changes colour to match your surroundings (Stealth+).
Your rubbery body absorbs attacks. (AC +1, EV +1)
((You are camouflaged when in or above water. (Stealth+)))
You have tentacles for arms and can constrict up to eight enemies at once.


Message History

Unknown command.
Casting: Scorch (safe; 4% risk of failure)
Confirm with . or Enter, or press ? or * to list all spells.
Flames lash Sigmund.
Sigmund is severely wounded.
A bat comes into view.
Sigmund looks at you with fury. Sigmund casts a spell at you.
You resist with significant effort.
The bat moves out of view.
Casting: Scorch (safe; 4% risk of failure)
Confirm with . or Enter, or press ? or * to list all spells.
Flames lash Sigmund.
Sigmund is almost dead.
Sigmund gestures at you while chanting. The puff of flame misses you.
Unknown command.
Unknown command.
Sigmund points at you and mumbles some strange words.
The puff of flame hits you!
Unknown command.
Sigmund gestures at you while chanting.
You are confused.
Unknown command.
You bump into the rock wall.
Sigmund casts a spell at you. You resist with significant effort.
You bump into the rock wall.
You bump into the rock wall.
Sigmund mumbles some strange words.
Sigmund flickers and vanishes!
Deactivating autopickup; reactivate with Ctrl-A.
You feel less confused.
A magic dart appears from out of thin air!
The magic dart hits you.
Unknown command.
Casting: Scorch (safe; 4% risk of failure)
Confirm with . or Enter, or press ? or * to list all spells.
You conjure some foxfire!
Something hits you!
Ouch! That really hurt!
You die...

#...........#.#..########.
.#.........#..#........
.........#.#..#.......#
.........#.#..#.@......
.......................
.##.###..#.............
... #..#.#.{#†....... ..
.........#..##.##.
.##......@v....... .
........v#..#.....
##......##..#....
#....#..........
#....#.....#.... #....#.
#... #... #. .. ... #. #.


There were no monsters in sight!

Vanquished Creatures
  A gnoll (D:1)
  2 giant cockroaches (D:1)
  A goblin (D:1)
  6 hobgoblins (D:1)
  A kobold (D:1)
  2 quokkas
  2 frilled lizards (D:1)
15 creatures vanquished.

Vanquished Creatures (others)
  33 foxfires
33 creatures vanquished.

Grand Total: 48 creatures vanquished

Notes
Turn   | Place    | Note
-------+----------+-------------------------------------------
     0 | D:1      | Conn the Octopode Fire Elementalist began the quest for the
                  | Orb.
     0 | D:1      | Reached XP level 1. HP: 11/11 MP: 3/3
   135 | D:1      | Reached XP level 2. HP: 17/17 MP: 0/5
   352 | D:1      | Reached XP level 3. HP: 21/21 MP: 6/6
   355 | D:1      | Learned a level 2 spell: Scorch
   359 | D:1      | Learned a level 3 spell: Inner Flame
   662 | D:2      | Noticed Sigmund
   681 | D:2      | Slain by Sigmund

Illustrated notes

Levels and vault maps discovered:
D:1:      lemuel_arrival_room, layout_basic, minmay_liquid_box
D:2:      layout_basic, ebering_ecumenical_altar_box, uniq_sigmund

Skill      XL: |  1  2 |
---------------+-------+-----
Stealth        | 3 |  3.2
Dodging        | |  2.3
Spellcasting   | |  2.2
Conjurations   | |  1.5
Fire Magic     | |  3.2

Action                     || total
---------------------------++-------
  Melee: Dagger            ||    12
         Constrict         ||     2
         Short sword       ||     1
         Tentacles         ||     1
   Cast: Foxfire           ||    19
         Scorch            ||     4
    Use: Potion            ||     1
   Stab: Sleeping          ||     2
 Armour: Skin              ||     5
  Dodge: Dodged            ||     9
